 Dungeon Crawl Stone Soup version 0.16-a0-623-g20b2139 (webtiles) character file.

7298 MRaven the Grappler (level 10, -13/116 HPs)
             Began as a Troll Chaos Knight on Sept 18, 2014.
             Was a Plaything of Xom.
             Killed from afar by Josephine (30 damage)
             ... with a ghostly fireball
             ... on Level 10 of the Dungeon.
             The game lasted 00:34:34 (9051 turns).

MRaven the Grappler (Troll Chaos Knight)            Turns: 9051, Time: 00:34:34

HP -13/116       AC 12     Str 20 (22) XL: 10   Next: 89%
MP   4/4         EV 13     Int  7 (8)  God: Xom
Gold 703         SH  0     Dex 11 (12) Spells:  0 memorised,  9 levels left

rFire  + . .     SeeInvis .       - Unarmed
rCold  . . .     Rnd*Rage +     b - +2 robe (curse)
rNeg   . . .     rCorr    .     (shield restricted)
rPois  .         rRot     .     l - +0 hat
rElec  .         Spirit   .     s - +1 cloak "Bepsim" {rF+}
SustAb .         Warding  .     (gloves unavailable)
rMut   .         Stasis   .     (boots unavailable)
Gourm  +                        (no amulet)
MR     +....                    p - cursed +3 ring of protection
                                c - cursed ring of protection from magic

@: very slightly contaminated, somewhat resistant to hostile enchantments, very
unstealthy
A: unfitting armour, claws 3, horns 1, berserk 1, blurry vision 1, deterioration
1, fast metabolism 3, gourmand, regeneration 2, robust 1, saprovore 2, shaggy
fur 1, tough skin 2
a: Renounce Religion


You were on level 10 of the Dungeon.
You worshipped Xom.
You were Xom's teddy bear.
You were completely stuffed.

You visited 1 branch of the dungeon, and saw 10 of its levels.
You also visited: Ossuary.

You collected 703 gold pieces.

Inventory:

Armour
 b - a cursed +2 robe (worn)
 l - a +0 hat (worn)
 s - the +1 cloak "Bepsim" (worn) {rF+}
   (Xom gifted it to you on level 6 of the Dungeon)

   It protects you from fire.
Magical devices
 i - a wand of cold (6)
 u - a wand of fireball (2)
 A - a wand of polymorph (9)
 B - a wand of teleportation (4)
 E - a wand of slowing (1)
 G - a wand of confusion (11)
Comestibles
 a - 4 meat rations
 d - 2 beef jerkies
 n - 3 slices of pizza
 r - 5 bread rations
 z - 6 fruits
 C - a royal jelly
Scrolls
 f - 6 scrolls of remove curse
 j - 2 scrolls of blinking
 m - 5 scrolls of teleportation
 o - 2 scrolls of recharging
 w - 2 scrolls of amnesia
 y - 2 scrolls of fear
 F - a scroll of identify
Jewellery
 c - a cursed ring of protection from magic (left claw)
 k - a cursed ring of protection from magic
 p - a cursed +3 ring of protection (right claw)
Potions
 e - 4 potions of curing
 g - 3 potions of cancellation
 h - 3 potions of heal wounds
 q - 3 potions of resistance
 t - 2 potions of might
 v - 2 potions of agility
 D - a potion of porridge
Books
 x - a book of Conjurations

   Spells                             Type                      Level
   Magic Dart                         Conjuration                  1
   Searing Ray                        Conjuration                  2
   Dazzling Spray                     Conjuration/Hexes            3
   Fulminant Prism                    Conjuration/Hexes            4
   Iskenderun's Mystic Blast          Conjuration                  4
   Iskenderun's Battlesphere          Conjuration/Charms           5


   Skills:
 + Level 8.6 Fighting
 + Level 8.4 Dodging
 + Level 10.2 Unarmed Combat


You had 9 spell levels left.
You didn't know any spells.

Dungeon Overview and Level Annotations

Branches:
Dungeon (10/15)            Temple (0/1) D:7             Orc (0/4) D:10
   Lair (0/8) D:8

Altars:
Ashenzari
Cheibriados
Dithmenos
Fedhas
Makhleb
Nemelex Xobeh
Okawaru
Qazlal
Ru
Sif Muna
Trog
Zin

Shops:
D:7 *

Annotations:
D:10 Josephine


Innate Abilities, Weirdness & Mutations

You are too large for most types of armour.
You have claws for hands.
Your metabolism is lightning-fast.
You like to eat raw meat.
You heal very quickly.
You can eat rotten meat.
You are covered in fur (AC +1).
You have very tough skin (AC +2).
You have a pair of small horns on your head.
You tend to lose your temper in combat.
Your vision is a little blurry.
Your body is slowly deteriorating.
You are robust (+10% HP).


Message History

You are too injured to fight recklessly!
You are too injured to fight recklessly!
You scratch Josephine.
Josephine is moderately wounded.
Josephine is infused with unholy energy.
* * * LOW HITPOINT WARNING * * *
Josephine draws life force from you and is healed!
Josephine hits you but does no damage.
Read which item? (? for menu, Esc to quit)
The writing blurs in front of your eyes.
Josephine closely misses you.
Read which item? (? for menu, Esc to quit)
Blink to where?
Press: ? - help, Dir - move target cursor
As you read the scroll of blinking, it crumbles to dust.
You are very lightly contaminated with residual magic.
Josephine points at you and mumbles some strange words.
The ghostly flame explodes!
The ghostly fireball engulfs you!
You die...
Xom titters!

# ####### # ##+#############
....... #
#..............#####Z.......
###..............##.@.ZZ......
..#..............##.##Z.......
#.#..............#..# .......
#.'..............#.## .......
###)....)........'.# ####.## #
#.............@### # #
################


You could see Josephine (bleeding).

Vanquished Creatures
  2 hill giants
  A manticore (D:9)
  An elephant (D:8)
  A troll (D:10)
  Prince Ribbit (D:8)
  A blink frog (D:8)
  A wyvern (D:8)
  4 yaks (D:10)
  A hill giant skeleton (D:8)
  A water moccasin (D:9)
  An orc warrior (D:7)
  2 black bears
  2 ice beasts
  2 sky beasts
  2 centaurs
  Duvessa (D:8)
  2 crocodiles (D:8)
  Blork the orc (D:9)
  3 giant frogs
  A komodo dragon skeleton (D:10)
  A cyclops zombie (D:9)
  3 scorpions
  A water moccasin skeleton (D:9)
  7 wights
  17 killer bees
  Dowan (D:8)
  A crimson imp (D:8)
  4 goliath beetles
  5 orc priests
  A giant frog skeleton (D:5)
  5 iguanas
  4 hounds
  Natasha (thrice) (D:6)
  8 orc wizards
  5 worker ants
  A sky beast zombie (D:7)
  Ijyb (D:2)
  3 hound zombies (Ossuary)
  2 hound skeletons
  4 mummies (Ossuary)
  7 adders
  5 gnolls
  A giant mite (D:5)
  7 worms
  An ufetubus (D:5)
  2 adder zombies (Ossuary)
  5 giant geckos
  24 orcs
  A ball python (D:2)
  14 bats
  A bat skeleton (D:5)
  5 giant cockroaches
  11 hobgoblins
  2 jackals (D:3)
  3 quokkas
  A giant gecko zombie (D:6)
  6 giant newts
  3 gnoll zombies (Ossuary)
  14 goblins
  A goblin zombie (Ossuary)
  2 jackal zombies (Ossuary)
  10 kobolds
  22 rats
  A rat zombie (Ossuary)
  2 ballistomycetes (D:6)
259 creatures vanquished.

Vanquished Creatures (collateral kills)
  An ogre (D:6)
1 creature vanquished.

Vanquished Creatures (others)
  An iron imp (D:8)
  A white imp (D:8)
  3 shadow imps (D:8)
  A giant spore (D:6)
6 creatures vanquished.

Grand Total: 266 creatures vanquished

Notes
Turn   | Place    | Note
--------------------------------------------------------------
     0 | D:1      | MRaven, the Troll Chaos Knight, began the quest for the Orb.
     0 | D:1      | Reached XP level 1. HP: 22/22 MP: 1/1
   463 | D:1      | Reached XP level 2. HP: 27/29 MP: 1/1
   884 | D:2      | Found a sacrificial altar of Ru.
   915 | D:2      | XOM: harmless Chrm miscast
   954 | D:2      | Noticed Ijyb
   966 | D:2      | Killed Ijyb
   966 | D:2      | Reached XP level 3. HP: 32/36 MP: 2/2
  1179 | D:2      | XOM: divination: detect creatures
  1303 | D:2      | Found a sparkling altar of Nemelex Xobeh.
  1303 | D:2      | Found a snail-covered altar of Cheibriados.
  1402 | D:3      | Reached XP level 4. HP: 43/45 MP: 2/2
  1511 | D:3      | Found a blossoming altar of Fedhas.
  1823 | D:3      | Reached skill level 4 in Unarmed Combat
  1823 | D:3      | Reached XP level 5. HP: 48/53 MP: 2/2
  1830 | D:3      | XOM: noise
  1948 | D:3      | XOM: divination: detect creatures
  2152 | D:4      | XOM: silly message
  2316 | D:4      | Reached XP level 6. HP: 43/62 MP: 3/3
  2755 | D:4      | XOM: mild Trmt miscast
  3028 | D:4      | XOM: noise
  3067 | D:5      | Entered Level 5 of the Dungeon
  3293 | D:5      | Found a sand-covered staircase.
  3298 | Ossuary  | Entered an ossuary
  3409 | Ossuary  | Reached skill level 5 in Unarmed Combat
  3678 | D:5      | Reached XP level 7. HP: 60/71 MP: 3/3
  3819 | D:5      | XOM: summons 1 hostile demon
  3899 | D:5      | Found a shadowy altar of Dithmenos.
  3986 | D:5      | XOM: enchant monster (bad)
  4131 | D:5      | Found a shattered altar of Ashenzari.
  4201 | D:6      | Noticed Natasha
  4208 | D:6      | Killed Natasha
  4231 | D:6      | Found an iron altar of Okawaru.
  4282 | D:6      | Found a shadowy altar of Dithmenos.
  4455 | D:6      | Found an iron altar of Okawaru.
  4604 | D:6      | XOM: god gift: pitted cloak {god gift}
  4607 | D:6      | Got a pitted cloak {god gift}
  4613 | D:6      | Identified the +1 cloak "Bepsim" {rF+} (Xom gifted it to you on level 6 of the Dungeon)
  4639 | D:6      | XOM: 9-stop teleportation journey
  4759 | D:6      | XOM: confuse monster(s)
  4785 | D:6      | Reached skill level 6 in Unarmed Combat
  4797 | D:6      | Reached skill level 5 in Fighting
  4800 | D:6      | XOM: enchant monster (good)
  4808 | D:6      | Reached XP level 8. HP: 58/80 MP: 3/3
  4921 | D:6      | Noticed Natasha
  4926 | D:6      | Killed Natasha
  5041 | D:6      | Noticed Natasha
  5045 | D:6      | Killed Natasha
  5229 | D:6      | XOM: god gift: runed cutlass {god gift}
  5328 | D:7      | Reached skill level 5 in Dodging
  5444 | D:7      | Found a deep blue altar of Sif Muna.
  5479 | D:7      | Found a burning altar of Makhleb.
  5483 | D:7      | XOM: god gift: glowing metal-bound book {god gift}
  5542 | D:7      | Found a staircase to the Ecumenical Temple.
  5657 | D:7      | Found Zin's Purification Station.
  5660 | D:7      | Found a glowing silver altar of Zin.
  5793 | D:7      | XOM: divination: detect creatures
  5796 | D:7      | XOM: polymorph crimson imp -> chaos spawn
  5954 | D:7      | XOM: mild Fire miscast
  5980 | D:7      | Reached skill level 7 in Unarmed Combat
  6068 | D:7      | Found a stormy altar of Qazlal.
  6136 | D:8      | Found a staircase to the Lair.
  6136 | D:8      | Noticed an elephant
  6136 | D:8      | Noticed a blink frog
  6136 | D:8      | a goliath beetle changed into a blink frog
  6136 | D:8      | XOM: polymorph goliath beetle -> blink frog
  6141 | D:8      | XOM: summons 4 friendly demons
  6145 | D:8      | XOM: fake destruction
  6152 | D:8      | XOM: potion effect (brilliance)
  6302 | D:8      | XOM: summons friendly white imp
  6333 | D:8      | Noticed Prince Ribbit
  6334 | D:8      | XOM: confusion (+ monsters)
  6455 | D:8      | XOM: give mutations
  6455 | D:8      | Gained mutation: You have sharp toenails. [Xom's mischief]
  6455 | D:8      | Gained mutation: You tend to lose your temper in combat. [Xom's mischief]
  6455 | D:8      | Gained mutation: You have a pair of small horns on your head. [Xom's mischief]
  6455 | D:8      | Gained mutation: Your body is slowly deteriorating. [Xom's mischief]
  6471 | D:8      | XOM: enchant monster (good)
  6497 | D:8      | Killed Prince Ribbit
  6497 | D:8      | Reached XP level 9. HP: 78/89 MP: 4/4
  6499 | D:8      | XOM: silly message
  6513 | D:8      | Killed an elephant
  6561 | D:8      | XOM: mild Ice miscast
  6616 | D:8      | XOM: divination: detect creatures
  6618 | D:8      | Noticed Duvessa
  6618 | D:8      | Noticed Dowan
  6622 | D:8      | XOM: 2-stop teleportation journey
  6641 | D:8      | Killed a blink frog
  6641 | D:8      | Reached skill level 8 in Unarmed Combat
  6848 | D:8      | Killed Duvessa
  6889 | D:8      | Killed Dowan
  7094 | D:8      | Noticed Psyche
  7095 | D:8      | XOM: noise
  7096 | D:8      | Noticed Psyche
  7096 | D:8      | Psyche changed into Psyche the goliath beetle
  7096 | D:8      | XOM: polymorph Psyche -> Psyche the goliath beetle
  7107 | D:8      | XOM: confuse monster(s)
  7112 | D:8      | Killed Psyche the goliath beetle
  7118 | D:8      | XOM: harmless Hex miscast
  7275 | D:8      | Lost mutation: You have sharp toenails. [potion of mutation]
  7275 | D:8      | Gained mutation: Your vision is a little blurry. [potion of mutation]
  7275 | D:8      | Gained mutation: You are robust (+10% HP). [potion of mutation]
  7328 | D:9      | XOM: noise
  7362 | D:9      | Noticed a moth of wrath
  7363 | D:9      | XOM: cast spell 'Blink'
  7373 | D:9      | Reached skill level 9 in Unarmed Combat
  7373 | D:9      | Reached XP level 10. HP: 106/112 MP: 4/4
  7379 | D:9      | Found a bloodstained altar of Trog.
  7382 | D:9      | XOM: mild Necr miscast
  7390 | D:9      | XOM: 3-stop teleportation journey
  7394 | D:9      | Noticed a sea snake
  7394 | D:9      | a moth of wrath changed into a sea snake
  7394 | D:9      | XOM: polymorph moth of wrath -> sea snake
  7397 | D:9      | XOM: stat loss: -1 Int (7/8)
  7399 | D:9      | XOM: cast spell 'Summon Small Mammal'
  7412 | D:9      | XOM: enchant monster (good)
  7421 | D:9      | a sea snake changed into a merfolk
  7436 | D:9      | Noticed a death drake
  7436 | D:9      | a merfolk changed into a death drake
  7446 | D:9      | XOM: summons 2 friendly demons
  7447 | D:9      | XOM: summons 10 friendly demons
  7448 | D:9      | a death drake changed into a boulder beetle
  7450 | D:9      | XOM: god gift: shield {god gift}
  7557 | D:9      | XOM: noise
  7613 | D:9      | Noticed a manticore
  7617 | D:9      | XOM: enchant monster (bad)
  7623 | D:9      | XOM: medium Chrm miscast
  7627 | D:9      | Killed a manticore
  7633 | D:9      | XOM: 3-stop teleportation journey
  7634 | D:9      | Noticed a hill giant
  7644 | D:9      | Killed a hill giant
  7994 | D:9      | XOM: vitrification
  8153 | D:9      | Noticed Blork the orc
  8162 | D:9      | Killed Blork the orc
  8452 | D:10     | Entered Level 10 of the Dungeon
  8452 | D:10     | Noticed Josephine
  8542 | D:9      | XOM: medium Necr miscast
  8797 | D:10     | XOM: harmless Pois miscast
  8943 | D:10     | Found a staircase to the Orcish Mines.
  8955 | D:10     | Reached skill level 10 in Unarmed Combat
  9008 | D:10     | Noticed a hill giant
  9017 | D:10     | Killed a hill giant
  9042 | D:10     | XOM: medium Trmt miscast
  9051 | D:10     | Killed from afar by Josephine

Action                   |  1- 3 |  4- 6 |  7- 9 | 10-12 || total
-------------------------+-------+-------+-------+-------++-------
Melee: Unarmed           |    73 |   242 |   394 |   177 ||   886
Evoke: Wand              |       |       |     1 |     4 ||     5
  Use: Scroll            |     4 |     4 |     7 |     4 ||    19
       Potion            |       |     5 |     2 |     5 ||    12
 Stab: Confused          |       |       |     1 |       ||     1
  Eat: Chunk             |    11 |    27 |    32 |    21 ||    91
